cohdb
Replays
Latest Replays
All Replays
Popular Replays
Top Player Replays
Match Explorer
How It Works
Community
CoH3 Stats
Reddit
Sign in to upload your games and track your stats! →
Sign in with Steam
Match 43884013
Unlisted
Match 43884013
Overview
Messages
Build Orders
End
Construct Section Command Post
Selects Indian Artillery Battlegroup
Selects Indian Artillery Battlegroup
Infantry Section
Infantry Section
Construct Platoon Command Post
CMP 15cwt Truck
Selects Valour
Grenade Package
Unlock M3 Stuart Light Tanks
M3 Stuart Light Tank
M3 Stuart Light Tank
M3 Stuart Light Tank
Selects Gurkha Rifles Section
Gurkha Rifles Section
Forward Retreat Point
M3 Stuart Light Tank
Construct Company Command Post
Selects Pillage
Selects Artillery Saturation
Selects Off-map Airburst Barrage
Unlock M3 Grant Medium Tanks
Gurkha Rifles Section
M3 Grant Medium Tank
M3 Grant Medium Tank
M3 Grant Medium Tank
Off-map Airburst Barrage
Dog
Dragoness
Halokoo
MELD
Артёмчег!
100
macmore
(#Barbarossa#)
0
0
Comments
sign in to comment!
No comments posted yet!